 Dungeon Crawl Stone Soup version 0.27-a0-1189-gb8eb6cee8e (webtiles) character file.

Game seed: 9692838427131898403

1970 spiderkeys the Chopper (level 9, -3/62 HPs)
             Began as an Octopode Abyssal Knight on May 23, 2021.
             Was a Priest of Lugonu.
             Slain by an orc
             ... wielding a +0 spear
              (4 damage)
             ... in a bailey.
             The game lasted 00:12:05 (9972 turns).

spiderkeys the Chopper (Octopode Abyssal Knight)    Turns: 9972, Time: 00:12:05

Health: -3/62      AC:  1    Str: 14    XL:     9   Next: 20%
Magic:  0/13       EV: 14    Int: 15    God:    Lugonu [***...]
Gold:   545        SH:  0    Dex: 11    Spells: 8/8 levels left

rFire    + . .     SeeInvis +   n - +8 hand axe "Koci" {vorpal, rPois rF+ rC+ SInv}
rCold    + . .     Faith    .   (no shield)
rNeg     . . .     Spirit   +   (helmet restricted)
rPois    +         Reflect  .   G - amulet of guardian spirit
rElec    .         Harm     .   (no ring)
rCorr    .         Rampage  .   (no ring)
Will     .....                  (no ring)
Stlth    ++........             (no ring)
HPRegen  0.20/turn              (no ring)
MPRegen  0.13/turn              (no ring)
                                (no ring)
                                (no ring)

@: no status effects
A: almost no armour, amphibious, 8 rings, camouflage 1, gelatinous body 1,
(nimble swimmer 1), tentacles
a: Renounce Religion, Depart the Abyss, Bend Space, Banish


You were in a bailey.
You worshipped Lugonu.
Lugonu was most pleased with you.
You visited 1 branch of the dungeon, and saw 8 of its levels.
You visited the Abyss 1 time.
You also visited: Bailey.

You collected 713 gold pieces.
You spent 168 gold pieces at shops.


Innate Abilities, Weirdness & Mutations

You cannot wear most types of armour.
You are amphibious.
You can wear up to eight rings at the same time.
Your skin changes colour to match your surroundings (Stealth+).
Your rubbery body absorbs attacks. (AC +1, EV +1)
((You are camouflaged near water. (Stealth+)))
You have tentacles for arms and can constrict up to eight enemies at once.


   Skills:
 + Level 6.1 Fighting
 * Level 6.3(6.8) Axes
 - Level 3.4(5.3) Polearms
 + Level 5.8 Dodging
 + Level 6.1 Invocations


You had 8 spell levels left.
You didn't know any spells.
Your spell library contained the following spells:

 Spells                   Type           Power      Damage    Failure   Level
 Animate Skeleton         Necr           0%         N/A       26%         1
 Apportation              Tloc           0%         N/A       26%         1
 Beastly Appendage        Tmut           0%         N/A       26%         1
 Corona                   Hex            0%         N/A       26%         1
 Summon Small Mammal      Summ           0%         N/A       26%         1
 Wereblood                Tmut           0%         N/A       38%         2
 Spider Form              Tmut/Pois      0%         N/A       63%         3
 Ice Form                 Ice/Tmut       0%         N/A       95%         4
 Hydra Form               Tmut           0%         N/A       100%        5

Inventory:

Hand Weapons
 a - a +2 spear
 n - the +8 hand axe "Koci" (weapon) {vorpal, rPois rF+ rC+ SInv}
   (You found it on level 4 of the Dungeon)

   It inflicts extra damage upon your enemies.
   It protects you from fire.
   It protects you from cold.
   It protects you from poison.
   It lets you see invisible.
 E - a +4 battleaxe
   (You took it off a wight on level 7 of the Dungeon)
Missiles
 b - 171 stones
 f - 12 boomerangs
 g - 62 arrows
 j - 86 bolts
 p - 2 throwing nets {=f!f}
 v - 4 atropa-tipped darts
 D - 19 poisoned darts
Magical Staves
 A - a staff of fire {!a}
   (You found it on level 7 of the Dungeon)
Jewellery
 G - an amulet of guardian spirit (around mantle)
   (You found it on level 2 of the Abyss)
Wands
 u - a wand of iceblast (14)
   (You found it on level 6 of the Dungeon)
 y - a wand of flame (16)
   (You found it on level 7 of the Dungeon)
 B - a wand of acid (6)
   (You found it on level 7 of the Dungeon)
Scrolls
 k - a scroll of fog
 l - a scroll of teleportation {@r4}
 o - 3 scrolls of magic mapping {!r}
 r - a scroll of fear
 t - a scroll of enchant weapon
 x - a scroll of blinking {!r}
 z - a scroll of brand weapon {unknown}
 C - a scroll of holy word {unknown}
Potions
 c - 3 potions of magic
 d - 2 potions of attraction {!q}
 e - a potion of berserk rage {!q}
 h - a potion of mutation {unknown}
 i - 2 potions of resistance {unknown}
 m - a potion of invisibility {unknown}
 q - 4 potions of heal wounds {unknown}
 s - a potion of lignification {unknown}

Dungeon Overview and Level Annotations

Branches:
Dungeon (8/15)             Temple (0/1) D:4          Bailey (1/1)
   Lair: D:8-11

Altars:
Elyvilon
Kikubaaqudgha
Okawaru
Ru
Zin

Shops:
D:7

*
##.....##
#.......#
#.......#
#.......#
#.......#
#.......#
#..))o).#
#...@.).#
#...))..#
#∩...).∩#
#.......#
##..∩..##
#######


You could see an orc.


Message History

You slash the orc!
You kill the orc!
Lugonu accepts your kill.
You slash the orc!
You kill the orc!
Lugonu accepts your kill.
You hit the orc. The orc barely misses you.
The orc hits you from afar with a +0 spear.
The orc misses you. The orc closely misses you.
The orc misses you. 😮 HP[-5] MP[-1]
You take 5 damage, and now have 32/62 hp.
You lost 1 mp, and now have 5/13 mp.
You barely miss the orc. You grab the orc. You squeeze the orc.
You kill the orc!
Lugonu accepts your kill. The orc barely misses you.
The orc hits you from afar with a +0 spear.
The orc barely misses you. x2 😮 MP[-1]
You lost 1 mp, and now have 4/13 mp.
An orc comes into view. It is wielding a +0 spear.
The orc shouts!
The orc misses you. The orc closely misses you. x2
You slash the orc!
You kill the orc!
Lugonu accepts your kill.
You barely miss the orc. You closely miss the orc. The orc closely misses you.
The orc barely misses you.
The orc hits you from afar with a +0 spear.
* * * LOW HITPOINT WARNING * * *
The orc hits you with a +0 trident.
* * * LOW HITPOINT WARNING * * *
😨 HP[-6] MP[-1]
You take 6 damage, and now have 26/62 hp.
You lost 1 mp, and now have 3/13 mp.
You hit the orc. You grab the orc. You hit the orc. You slash the orc!
You kill the orc!
Lugonu accepts your kill.
You constrict the orc, but do no damage.
The orc misses you. The orc barely misses you.
The orc hits you from afar with a +0 spear.
* * * LOW HITPOINT WARNING * * *
😨 HP[-5] MP[+1]
You take 5 damage, and now have 21/62 hp.
You slash the orc!
You kill the orc!
Lugonu accepts your kill.
You hit the orc.
You kill the orc!
Lugonu accepts your kill. The orc barely misses you.
The orc misses you. 😨 HP[+1]
The orc misses you. The orc hits you with a +0 spear.
* * * LOW HITPOINT WARNING * * *
Things that are here:
a +0 war axe; an orc corpse; 😨 HP[-5]
You take 5 damage, and now have 17/62 hp.
You slash the orc!
You kill the orc!
Lugonu accepts your kill.
The orc hits you from afar with a +0 halberd.
* * * LOW HITPOINT WARNING * * *
The orc hits you from afar with a +0 spear.
* * * LOW HITPOINT WARNING * * *
😱 HP[-9] MP[-1]
You take 9 damage, and now have 8/62 hp.
You lost 1 mp, and now have 3/13 mp.
You feel better. The orc misses you.
The orc hits you from afar with a +0 spear.
* * * LOW HITPOINT WARNING * * *
😱 HP[+3]
You regained 3 hp, and now have 11/62 hp.
Things that are here:
a +0 halberd; a +0 scale mail The orc closely misses you.
The orc hits you with a +0 spear.
* * * LOW HITPOINT WARNING * * *
Things that are here:
a +0 war axe; an orc corpse; 😱 HP[-3] MP[-2]
You take 3 damage, and now have 8/62 hp.
You lost 2 mp, and now have 1/13 mp.
You hit the orc. Your grab misses the orc. You hit the orc.
The orc hits you but does no damage. The orc barely misses you. 😱 MP[+1]
You slash the orc!
You kill the orc!
Lugonu accepts your kill.
You hit the orc but do no damage. The orc hits you with a +0 spear.
* * * LOW HITPOINT WARNING * * *
😱 HP[-4] MP[-2]
You take 4 damage, and now have 4/62 hp.
You lost 2 mp, and now have 0/13 mp.
You hit the orc but do no damage. You grab the orc.
You constrict the orc, but do no damage.
The orc hits you with a +0 spear.
* * * LOW HITPOINT WARNING * * *
😱 HP[-3]
You take 3 damage, and now have 1/62 hp.
You hit the orc but do no damage. You constrict the orc.
The orc hits you with a +0 spear.
You die...

Skill      XL: |  1  2  3  4  5  6  7  8  9 |
---------------+----------------------------+-----
Dodging        | 3 4 5 |  5.8
Invocations    | 3 4 5 6 |  6.1
Polearms       | 3 |  3.4
Fighting       | 4 5 6 |  6.1
Axes           | 1 2 4 5 6 |  6.3

Action                   |  1- 3 |  4- 6 |  7- 9 || total
-------------------------+-------+-------+-------++-------
Melee: Spear             |    95 |    48 |       ||   143
       Constrict         |    17 |     6 |    29 ||    52
       Tentacles         |     8 |     7 |    27 ||    42
       Hand axe          |       |    25 |   144 ||   169
Invok: Depart the Abyss  |     1 |       |       ||     1
       Bend Space        |       |     1 |     1 ||     2
  Use: Scroll            |     8 |     3 |     4 ||    15
       Potion            |       |       |     1 ||     1
 Stab: Sleeping          |     2 |     4 |     4 ||    10
Armor: Skin              |     8 |     3 |     9 ||    20
Dodge: Dodged            |    46 |    46 |   107 ||   199

Levels and vault maps discovered:
D:1:      evilmike_arrival_plus, layout_basic
D:2:      layout_basic, shapermc_ecumenical_altar_mp_highgroup,
          mrwooster_statue_mirror
D:3:      layout_basic
D:4:      layout_basic, nicolae_overflow_crystal_walls, okawaru_metal_pillars_3,
          minmay_temple_entry_sparse_star, st_stairs_2, minmay_misc_feat_x
D:5:      layout_basic
D:6:      layout_basic, uniq_edmund
D:7:      layout_basic, lemuel_crystal_altar, jmf_multi_god_temple,
          serial_shops, nicolae_shop_waterfront, grunt_tough_drop
D:8:      layout_basic, amcnicky_altar_gilded, enter_bailey_5,
          wad_floor_pattern_1, serial_bayou_pond_c, uniq_grum,
          uniq_prince_ribbit1, uniq_pikel
Bailey:   bailey_polearm_5, bailey

Notes
Turn   | Place    | Note
-------+----------+-------------------------------------------
     0 | Abyss:1  | spiderkeys the Octopode Abyssal Knight began the quest for
                  | the Orb.
     0 | Abyss:1  | Reached XP level 1. HP: 16/16 MP: 2/2
     0 | Abyss:1  | magus.rc [v1.9.10]
   336 | Abyss:1  | Noticed a raiju
   336 | Abyss:1  | Noticed a demonic crawler
   414 | Abyss:2  | Noticed an ancient zyme
   438 | Abyss:2  | Noticed a deep elf sorcerer
   446 | Abyss:2  | You are cast deeper into the Abyss!
   453 | Abyss:3  | You pick up a book of Cantrips and begin reading...
   453 | Abyss:3  | You add the spells Corona, Animate Skeleton, Summon Small
                  | Mammal and Apportation to your library.
   515 | Abyss:3  | Noticed a vampire
   524 | Abyss:3  | Noticed a neqoxec
   525 | D:1      | You pass through the gate.
   525 | D:1      | Escaped the Abyss
   607 | D:1      | Reached * piety under Lugonu
   611 | D:1      | Reached XP level 2. HP: 7/21 MP: 1/3
   612 | D:1      | HP: 5/21 [bat (1)]
  1154 | D:1      | Reached XP level 3. HP: 26/26 MP: 4/4
  1868 | D:2      | Reached ** piety under Lugonu
  2048 | D:2      | Reached skill level 3 in Dodging
  2048 | D:2      | Reached XP level 4. HP: 12/31 MP: 4/6
  2318 | D:2      | Found a faded altar of an unknown god.
  3288 | D:3      | Reached skill level 3 in Invocations
  3370 | D:3      | You pick up a book of Changes and begin reading...
  3370 | D:3      | You add the spells Beastly Appendage, Wereblood, Spider
                  | Form, Ice Form and Hydra Form to your library.
  3811 | D:4      | Found a staircase to the Ecumenical Temple.
  3818 | D:4      | Reached skill level 3 in Polearms
  4003 | D:4      | Reached XP level 5. HP: 37/37 MP: 7/7
  4004 | D:4      | Noticed a black bear
  4013 | D:4      | HP: 9/37 [wyvern zombie (8)]
  4014 | D:4      | Killed a black bear
  4014 | D:4      | HP: 4/37 [wyvern zombie (3)]
  4015 | D:4      | Reached skill level 4 in Fighting
  4331 | D:4      | Found a white marble altar of Elyvilon.
  4388 | D:4      | Identified the +8 hand axe "Koci" {vorpal, rPois rF+ rC+
                  | SInv}
  4525 | D:4      | Found an iron altar of Okawaru.
  4539 | D:4      | HP: 6/37 [wyvern zombie (14)]
  4542 | D:4      | Reached skill level 1 in Axes
  4542 | D:4      | Reached XP level 6. HP: 7/43 MP: 1/8
  5155 | D:5      | Entered Level 5 of the Dungeon
  5161 | D:5      | Noticed an ice beast
  5169 | D:5      | Killed an ice beast
  5336 | D:5      | Reached skill level 4 in Invocations
  5385 | D:5      | Reached skill level 2 in Axes
  5385 | D:5      | Reached skill level 4 in Dodging
  5385 | D:5      | Reached XP level 7. HP: 45/49 MP: 8/10
  5386 | D:5      | Identified the +5 hand axe "Vomus" {vorpal, Int+3}
  5622 | D:5      | HP: 7/49 [gnoll/+0 halberd (10)]
  5623 | D:5      | HP: 3/49 [gnoll/+0 spear (5)]
  5630 | D:5      | HP: 1/49 [gnoll/+0 spear (1)]
  6149 | D:5      | Reached skill level 3 in Axes
  7036 | D:6      | Noticed Edmund
  7051 | D:6      | Killed Edmund
  7052 | D:6      | Reached skill level 5 in Fighting
  7052 | D:6      | Reached skill level 4 in Axes
  7052 | D:6      | Reached XP level 8. HP: 23/55 MP: 3/11
  7503 | D:6      | Reached skill level 5 in Invocations
  7811 | D:6      | Reached skill level 5 in Dodging
  8448 | D:7      | Reached skill level 5 in Axes
  8516 | D:7      | Found Efegeopn's General Store.
  8660 | D:7      | Bought a potion of curing for 48 gold pieces
  8660 | D:7      | Bought a scroll of blinking for 120 gold pieces
  8880 | D:7      | Found a glowing silver altar of Zin.
  8912 | D:7      | Found a sacrificial altar of Ru.
  8912 | D:7      | Found an ancient bone altar of Kikubaaqudgha.
  9093 | D:7      | Reached XP level 9. HP: 43/62 MP: 8/13
  9628 | D:7      | Reached *** piety under Lugonu
  9629 | D:7      | Reached skill level 6 in Axes
  9718 | D:7      | Reached skill level 6 in Fighting
  9718 | D:7      | Reached skill level 6 in Invocations
  9854 | D:8      | Found a flagged portal.
  9944 | Bailey   | Entered a bailey
  9965 | Bailey   | HP: 13/62 [orc/+0 halberd (4)]
  9970 | Bailey   | HP: 4/62 [orc/+0 spear (4)]
  9971 | Bailey   | HP: 1/62 [orc/+0 spear (3)]
  9972 | Bailey   | Slain by an orc

Vanquished Creatures
  Edmund (D:6)
  2 black bears
  3 ice beasts
  An ogre (D:7)
  A sky beast (D:6)
  A necrophage (D:7)
  3 scorpions
  2 wyvern zombies
  A water moccasin zombie (D:5)
  A water moccasin skeleton (D:6)
  5 wights (D:7)
  A hound (D:6)
  A jelly (D:6)
  A bullfrog skeleton (D:6)
  An orc priest (D:7)
  2 orc wizards (D:7)
  2 iguanas
  A killer bee zombie (D:4)
  A howler monkey zombie (D:6)
  A howler monkey skeleton (D:7)
  7 adders
  7 gnolls
  An ufetubus (D:6)
  An adder zombie (D:5)
  A worm (D:2)
  2 dart slugs
  22 orcs
  7 ball pythons
  8 endoplasms
  2 giant cockroaches (D:1)
  12 goblins
  5 hobgoblins
  4 jackals
  8 kobolds
  4 quokkas
  5 bats
  A frilled lizard (D:3)
  3 rats (D:1)
132 creatures vanquished.

Table legend:
 A = Non-vault XP
 B = Vault XP
 C = Vault XP percentage of total XP
 D = Non-vault monster count
 E = Vault monster count
 F = Vault count percentage of total count
                 A         B        C        D         E       F
            +---------+---------+-------+---------+---------+-------
      Total |    2327 |     488 |  17.3 |     111 |      21 |  15.9
            +---------+---------+-------+---------+---------+-------
        D:1 |      59 |       0 |   0.0 |      33 |       0 |   0.0
        D:2 |      32 |       0 |   0.0 |      11 |       0 |   0.0
        D:3 |      42 |       0 |   0.0 |      10 |       0 |   0.0
        D:4 |     271 |       2 |   0.7 |       9 |       1 |  10.0
        D:5 |     455 |       0 |   0.0 |      14 |       0 |   0.0
        D:6 |     630 |     181 |  22.3 |      14 |       1 |   6.7
        D:7 |     838 |     264 |  24.0 |      20 |       4 |  16.7
        D:8 |       0 |       8 | 100.0 |       0 |       4 | 100.0
     Bailey |       0 |      33 | 100.0 |       0 |      11 | 100.0
            +---------+---------+-------+---------+---------+-------

Illustrated notes

Table legend:
 A = Kills in this place as a percentage of kills in entire the game.
 B = Kills by you in this place as a percentage of kills by you in the entire game.
 C = Kills by friends in this place as a percentage of kills by friends in the entire game.
 D = Other kills in this place as a percentage of other kills in the entire game.
 E = Experience gained in this place as a percentage of experience gained in the entire game.
 F = Experience gained in this place divided by the number of levels of this place that you have seen.
                   A       B       C       D       E      F
               +-------+-------+-------+-------+-------+----------------------
         Total | 100.0 | 100.0 |   N/A |   N/A | 100.0 | 234.6
       Dungeon |  91.7 |  91.7 |   N/A |   N/A |  98.8 | 347.8
        Bailey |   8.3 |   8.3 |   N/A |   N/A |   1.2 |  33.0
               +-------+-------+-------+-------+-------+----------------------

Table legend: (Time is in decaauts)
 A = Elapsed time spent in this place.
 B = Non-inter-level travel time spent in this place.
 C = Inter-level travel time spent in this place.
 D = Time resting spent in this place.
 E = Time spent auto-exploring this place.
 F = Levels seen in this place.
 G = Mean time per level.
                   A        B        C        D        E       F      G
               +--------+--------+--------+--------+--------+-----+--------+
         Total |   9981 |   9589 |    392 |   1141 |   7328 |  12 |  831.8 |
       Dungeon |   9429 |   9037 |    392 |    963 |   7135 |   8 | 1178.6 |
         Abyss |    524 |    524 |      0 |    178 |    191 |   3 |  174.7 |
        Bailey |     27 |     27 |      0 |      0 |      2 |   1 |   27.0 |
               +--------+--------+--------+--------+--------+-----+--------+

Top non-repeatable levels by time:
     D:6: 1724 daAuts
     D:4: 1550 daAuts
     D:3: 1458 daAuts
     D:7: 1425 daAuts
     D:1: 1198 daAuts
     D:5: 1126 daAuts
     D:2: 838 daAuts
 Abyss:1: 339 daAuts
     D:8: 108 daAuts
 Abyss:2: 106 daAuts
 Abyss:3: 78 daAuts
  Bailey: 27 daAuts
